 Dungeon Sprint DCSS version 0.28.0-1-gb440e238dd (webtiles) character file.

Game seed: 8628843918030246932

11886 smarlow the Ninja (level 11, -1/56 HPs)
             Began as a Spriggan Enchanter on Feb 25, 2022.
             Was the Champion of Dithmenos.
             Killed from afar by a fire giant (15 damage)
             ... with a fireball
             ... in the Dungeon (Sprint I: "Red Sonja").
             The game lasted 00:12:08 (1352 turns).

smarlow the Ninja (Spriggan Enchanter)              Turns: 1352, Time: 00:12:08

Health: -1/56      AC:  2    Str:  4    XL:     11   Next: 55%
Magic:  21/27      EV: 19    Int: 18    God:    Dithmenos [******]
Gold:   1321       SH:  0    Dex: 25    Spells: 25/33 levels left

rFire   + . .      SeeInvis +   k - +1 dagger (distort)
rCold   + . .      Faith    .   (no shield)
rNeg    + . .      Spirit   .   q - +0 troll leather armour
rPois   +          Reflect  .   t - -2 hat of the Alchemist {rElec rPois rF+ rC+ rN+ Will+ rMut rCorr}
rElec   +          Harm     .   (no cloak)
rCorr   +          Rampage  .   (gloves unavailable)
rMut    +          NoTele   +   (boots unavailable)
Will    ++...                   (no amulet) Stlth #*********
                                (no ring)
HPRegen 0.98/turn               (no ring)
MPRegen 0.20/turn

@: confusing by touch, hasted, wreathed by umbra, very quick
A: very small, no large weapons, unfitting armour, see invisible, speed 3, horns
1, thin skeletal structure 1, agile 2
a: Renounce Religion, Shadow Step, Shadow Form


You were in the Dungeon.
You worshipped Dithmenos.
Dithmenos was exalted by your worship.
You visited 1 branch You collected 2937 gold pieces.
You spent 1616 gold pieces at shops.

Inventory:

Hand Weapons
 k - a +1 dagger of distortion (weapon)
Armour
 q - a +0 troll leather armour (worn)
 t - the -2 hat of the Alchemist (worn) {rElec rPois rF+ rC+ rN+ Will+ rMut rCorr}
   (You acquired it in the Dungeon)

   rF:        It protects you from fire.
   rC:        It protects you from cold.
   rElec:     It insulates you from electricity.
   rPois:     It protects you from poison.
   rN:        It protects you from negative energy.
   rCorr:     It protects you from acid and corrosion.
   rMut:      It protects you from mutation.
   Will:      It increases your willpower.
Wands
 h - a wand of paralysis (6)
Scrolls
 a - a scroll of vulnerability
 i - 5 scrolls of blinking
 l - 4 scrolls of enchant weapon
 n - 2 scrolls of fear {unknown}
 o - a scroll of silence {unknown}
 p - a scroll of immolation {unknown}
Potions
 b - a potion of cancellation {unknown}
 c - a potion of invisibility
 d - 3 potions of curing
 e - 2 potions of heal wounds
 f - a potion of haste
 g - 2 potions of magic
 j - a potion of might {unknown}
 m - a potion of mutation
 r - a potion of brilliance {unknown}
 s - a potion of berserk rage


   Skills:
 * Level 5.5 Fighting
 * Level 15.4 Short Blades
 - Level 2.4 Armour
 + Level 4.6 Dodging
 O Level 27 Stealth
 + Level 11.5 Spellcasting
 + Level 15.5 Hexes
 + Level 2.4 Ice Magic


You had 25 spell levels left.
You knew the following spells:

 Your Spells              Type           Power      Damage    Failure   Level
a - Ensorcelled Hibernat  Hex/Ice        84%        N/A       1%          2
b - Confusing Touch       Hex            60%        N/A       1%          3
c - Tukima's Dance        Hex            60%        N/A       1%          3

Your spell library contained the following spells:

 Spells                   Type           Power      Damage    Failure   Level
 Dazzling Flash           Conj/Hex       76%        N/A       1%          3
 Shock                    Conj/Air       40%        1d5       12%         1
 Swiftness                Air            10%        N/A       34%         3
 Airstrike                Air            5%         N/A       75%         4


Dungeon Overview and Level Annotations

Branches:
Dungeon (1/1)

Altars:
Cheibriados
Dithmenos
Elyvilon
Fedhas
Gozag
Hepliaklqana
Kikubaaqudgha
Makhleb
Nemelex Xobeh
Okawaru
Qazlal
Ru
Sif Muna
Trog
Uskayaw
Vehumet
Wu Jian
Xom
Yredelemnul
Zin
The Shining One
Jiyva
Lugonu

Shops:
D !*:(:![?(*[*:(([:!


Innate Abilities, Weirdness & Mutations

You are very small and have problems with some larger weapons.
You are too small for most types of armour.
You have supernaturally acute eyesight. (SInv)
You cover ground extremely quickly. (Speed+++)
You have a pair of small horns on your head.
You have a somewhat thin skeletal structure. (Dex +2, Stealth+)
You are very agile. (Dex +4)


Message History

Your hands begin to glow red.
Casting: Confusing Touch (safe; 1% risk of failure)
Confirm with . or Enter, or press ? or * to list all spells.
Aiming: Ensorcelled Hibernation (safe; 1% risk of failure)
Press: ? - help, Shift-Dir - straight line, f - fire giant
Aim: a fire giant, wielding a +2 great sword of flaming (chance to confuse on hit: 25%, umbra, chance to affect: 18%)
The fire giant resists with almost no effort.
You hit the fire giant but do no damage.
The fire giant appears confused.
Your shadow hits the fire giant but does no damage.
The fire giant completely misses you.
You catch the helpless fire giant completely off-guard!
You skewer the fire giant like a kebab!!!!
The fire giant is severely wounded.
Your shadow hits the fire giant but does no damage.
The fire giant blinks!
You hit the fire giant but do no damage.
Space warps horribly around the fire giant!
The fire giant is almost dead.
The fire giant hits you with a +2 great sword of flaming!!
You emit a cloud of dark smoke.
The fire giant burns you.
You hit the fire giant but do no damage.
Space warps horribly around the fire giant!!
You kill the fire giant!
Dithmenos accepts your kill.
Your Fighting skill increases to level 5!
You start resting.
A fire giant is nearby!
You feel yourself speed up.
Casting: Ensorcelled Hibernation (safe; 1% risk of failure)
Confirm with . or Enter, or press ? or * to list all spells.
Your hands begin to glow red.
The fire giant gestures at you while chanting.
The fireball explodes!
The fireball engulfs you! You resist.
* * * LOW HITPOINT WARNING * * *
You emit a cloud of dark smoke.
You hear a shout!
The fire giant points at you and mumbles some strange words.
The fireball explodes!
The fireball engulfs you! You resist.
You die...

..'..#.#
##÷÷§#######+#§§.§§####
###.§'§# ###'# ($##
#§.§§§#§§§ .##+####
#.##$$$# ##.§§§#.§D
†#... #..###$#
###§##.§§ §#.°.°
##.#A#$# #§####+
'###°.. #§.###$#
##§#..§§ .'.#...#
#§##..$# ##.§§§..§
##.#s.## #§§#+###
#....§§.. ##.#..#
##§@.# ##...§.§§. ##.#
###.# #......§.. ##†#
#C# #.....)§.. .'.# #.#
##....§... ##§# ####'#
#........ .#§# ###§§..#
##.......
#+§#)$[#####C§§####
##)(.([.
####$..C.§§§§###
####### # ?..C.#####


You could see a fire giant.

Vanquished Creatures
  A fire giant (D)
  A shadow dragon (D)
  A hydra (D)
  2 centaur warriors (D)
  Sonja (D)
  A deep troll (D)
  A lindwurm (D)
  An oklob plant (D)
  7 unseen horrors (D)
  2 kobold demonologists (D)
  A hornet (D)
  A slime creature (D)
  A yak (D)
  Sigmund (D)
  2 redbacks (D)
  13 hogs (D)
  3 floating eyes (D)
  An ogre (D)
  7 necrophages (D)
  8 jellies (D)
  Ijyb (D)
  A ballistomycete spore (D)
58 creatures vanquished.

Vanquished Creatures (others)
  A gargoyle (D)
  A ballistomycete spore (D)
2 creatures vanquished.

Grand Total: 60 creatures vanquished

Notes
Turn   | Place    | Note
-------+----------+-------------------------------------------
     0 | D        | smarlow the Spriggan Enchanter began the quest for the Orb.
     0 | D        | Reached XP level 1. HP: 9/9 MP: 5/5
     2 | D        | Noticed Ijyb
     9 | D        | Killed Ijyb
    10 | D        | Reached skill level 6 in Stealth
    10 | D        | Reached skill level 5 in Hexes
    10 | D        | Reached XP level 2. HP: 13/13 MP: 5/7
    30 | D        | Learned a level 2 spell: Ensorcelled Hibernation
    30 | D        | Noticed an ogre
    35 | D        | Killed an ogre
    36 | D        | Reached skill level 9 in Stealth
    36 | D        | Reached XP level 3. HP: 16/16 MP: 6/10
    36 | D        | Reached XP level 4. HP: 21/21 MP: 6/11
    76 | D        | Noticed Sigmund
    79 | D        | Killed Sigmund
    80 | D        | Reached skill level 5 in Short Blades
    80 | D        | Reached skill level 12 in Stealth
    80 | D        | Reached skill level 5 in Spellcasting
    80 | D        | Reached XP level 5. HP: 24/24 MP: 10/14
   118 | D        | Found a shimmering blue altar of Sif Muna.
   119 | D        | Found an ornate altar of the Wu Jian Council.
   120 | D        | Found a radiant altar of Vehumet.
   125 | D        | Reached skill level 13 in Stealth
   125 | D        | Reached XP level 6. HP: 28/28 MP: 15/15
   126 | D        | Found Vyq Fivo's General Store.
   126 | D        | Found an ancient bone altar of Kikubaaqudgha.
   126 | D        | Found a hazy altar of Hepliaklqana.
   126 | D        | Found a stormy altar of Qazlal.
   126 | D        | Found a hide-covered altar of Uskayaw.
   126 | D        | Found a blossoming altar of Fedhas.
   126 | D        | Found a bloodstained altar of Trog.
   126 | D        | Found an iron altar of Okawaru.
   126 | D        | Found a basalt altar of Yredelemnul.
   126 | D        | Found a glowing golden altar of the Shining One.
   126 | D        | Found a snail-covered altar of Cheibriados.
   126 | D        | Found a sacrificial altar of Ru.
   126 | D        | Found a glowing silver altar of Zin.
   126 | D        | Found a shadowy altar of Dithmenos.
   126 | D        | Found a white marble altar of Elyvilon.
   126 | D        | Noticed a yak
   127 | D        | Found an opulent altar of Gozag.
   128 | D        | Killed a yak
   129 | D        | Reached skill level 14 in Stealth
   129 | D        | Reached skill level 1 in Ice Magic
   129 | D        | Found a sparkling altar of Nemelex Xobeh.
   135 | D        | Became a worshipper of Dithmenos the Shadowed
   175 | D        | Found a viscous altar of Jiyva.
   175 | D        | Found a corrupted altar of Lugonu.
   175 | D        | Noticed a slime creature
   176 | D        | Found a burning altar of Makhleb.
   176 | D        | Found a shimmering altar of Xom.
   178 | D        | Killed a slime creature
   179 | D        | Reached skill level 16 in Stealth
   179 | D        | Reached skill level 10 in Hexes
   179 | D        | Reached XP level 7. HP: 32/32 MP: 16/18
   204 | D        | Learned a level 3 spell: Confusing Touch
   208 | D        | Learned a level 3 spell: Tukima's Dance
   208 | D        | Noticed Sonja
   212 | D        | Killed Sonja
   213 | D        | Reached skill level 18 in Stealth
   213 | D        | Reached XP level 8. HP: 36/36 MP: 18/20
   381 | D        | Found Okeept's Distillery.
   389 | D        | Bought a potion of mutation for 88 gold pieces
   389 | D        | Bought a potion of heal wounds for 55 gold pieces
   389 | D        | Bought a potion of mutation for 88 gold pieces
   389 | D        | Gained mutation: You are agile. (Dex +2) [potion of
                  | mutation]
   389 | D        | Gained mutation: You have a pair of small horns on your
                  | head. [potion of mutation]
   389 | D        | Gained mutation: You have a somewhat thin skeletal
                  | structure. (Dex +2, Stealth+) [potion of mutation]
   389 | D        | Gained mutation: You are very agile. (Dex +4) [potion of
                  | mutation]
   402 | D        | Noticed a deep troll
   406 | D        | Killed a deep troll
   406 | D        | Reached * piety under Dithmenos
   407 | D        | Reached skill level 20 in Stealth
   416 | D        | Found Eguoreuwy's Armour Emporium.
   423 | D        | Bought a +1 hat for 154 gold pieces
   575 | D        | Noticed a kobold demonologist
   576 | D        | Noticed a kobold demonologist
   578 | D        | Killed a kobold demonologist
   580 | D        | Reached skill level 21 in Stealth
   580 | D        | Reached XP level 9. HP: 39/39 MP: 22/22
   581 | D        | Killed a kobold demonologist
   581 | D        | Reached ** piety under Dithmenos
   585 | D        | Noticed a demonic crawler
   585 | D        | Noticed a demonic crawler
   585 | D        | Noticed a demonic crawler
   585 | D        | Noticed a demonic crawler
   620 | D        | Noticed a centaur warrior
   627 | D        | Killed a centaur warrior
   628 | D        | Reached skill level 23 in Stealth
   634 | D        | Noticed a centaur warrior
   637 | D        | Killed a centaur warrior
   638 | D        | Reached skill level 10 in Short Blades
   647 | D        | Reached skill level 24 in Stealth
   657 | D        | Noticed an oklob plant
   668 | D        | Killed an oklob plant
   668 | D        | Reached *** piety under Dithmenos
   669 | D        | Reached XP level 10. HP: 44/44 MP: 20/24
   699 | D        | Reached skill level 25 in Stealth
   716 | D        | Reached **** piety under Dithmenos
   737 | D        | Reached skill level 26 in Stealth
   738 | D        | Reached ***** piety under Dithmenos
   766 | D        | Reached ****** piety under Dithmenos
   779 | D        | Found Lyrorgh's Weapon Shoppe.
   779 | D        | Found Nethreto's Book Shop.
   779 | D        | Found Texawese's Book Boutique.
   781 | D        | Found Wadwod's Distillery.
   781 | D        | Found Toxin's Armour Shop.
   781 | D        | Found Ufuu's Magic Scroll Shoppe.
   781 | D        | Found Neasyt's Antique Weapon Boutique.
   781 | D        | Found Isijeacw's General Store.
   781 | D        | Found Gynlesea's Armour Shop.
   781 | D        | Found Uwicuhog's Assorted Antiques.
   796 | D        | Found Liad's Book Boutique.
   797 | D        | Found Faosach's Antique Weapon Emporium.
   797 | D        | Found Gemeg's Weapon Boutique.
   798 | D        | Found Zyosh's Book Emporium.
   799 | D        | Bought a scroll of blinking for 97 gold pieces
   799 | D        | Bought a scroll of blinking for 97 gold pieces
   799 | D        | Bought a scroll of acquirement for 676 gold pieces
   799 | D        | Bought 2 scrolls of blinking for 195 gold pieces
   842 | D        | Acquired the -2 hat of the Alchemist {rElec rPois rF+ rC+
                  | rN+ Will+ rMut rCorr}
   842 | D        | Found the -2 hat of the Alchemist {rElec rPois rF+ rC+ rN+
                  | Will+ rMut rCorr}
   881 | D        | Bought a scroll of identify for 26 gold pieces
   947 | D        | Noticed a lindwurm
   951 | D        | Killed a lindwurm
   952 | D        | Reached skill level 1 in Fighting
   952 | D        | Reached skill level 1 in Armour
   952 | D        | Reached skill level 27 in Stealth
   952 | D        | Reached skill level 10 in Spellcasting
   966 | D        | Killed a gargoyle
   975 | D        | Reached XP level 11. HP: 51/51 MP: 26/26
   979 | D        | Noticed a 12-headed hydra
   981 | D        | Killed a 12-headed hydra
  1072 | D        | Noticed a shadow dragon
  1072 | D        | Noticed a golden dragon
  1077 | D        | Killed a shadow dragon
  1152 | D        | Found Ralyat's Distillery.
  1171 | D        | Bought a potion of haste for 140 gold pieces
  1289 | D        | Noticed a daeva
  1296 | D        | Reached skill level 15 in Hexes
  1305 | D        | Reached skill level 15 in Short Blades
  1308 | D        | Noticed a fire giant
  1311 | D        | Noticed a fire giant
  1312 | D        | Noticed a fire giant
  1313 | D        | Noticed a fire giant
  1342 | D        | Killed a fire giant
  1343 | D        | Reached skill level 5 in Fighting
  1352 | D        | Killed from afar by a fire giant

Illustrated notes

Levels and vault maps discovered:
D:        dungeon_sprint_1 [red_sonja_temple_1, red_sonja_temple_small_1]

Skill      XL: |  1  2  3  4  5  6  7  8  9 10 11 |
---------------+----------------------------------+-----
Dodging        | 3 4 |  4.6
Stealth        | 6 9 12 13 16 18 21 24 27 | 27.0
Spellcasting   | 3 4 5 7 8 9 10 11 | 11.5
Hexes          | 5 7 8 10 11 12 13 14 15 | 15.5
Short Blades   | 3 5 6 7 8 10 12 15 | 15.4
Ice Magic      | 1 2 |  2.4
Fighting       | 2 5 |  5.5
Armour         | 1 2 |  2.4

Action                   |  1- 3 |  4- 6 |  7- 9 | 10-12 || total
-------------------------+-------+-------+-------+-------++-------
Melee: Dagger            |     8 |     4 |    19 |    55 ||    86
       Headbutt          |       |       |     3 |     2 ||     5
       Punch             |       |       |     1 |       ||     1
 Cast: Ensorcelled Hiber |     1 |     1 |     2 |     3 ||     7
       Confusing Touch   |       |       |     1 |     5 ||     6
  Use: Potion            |     1 |       |     1 |     1 ||     3
       Scroll            |       |       |       |     5 ||     5
 Stab: Sleeping          |     2 |     4 |     9 |    39 ||    54
       Confused          |       |       |     1 |     3 ||     4
       Distracted        |       |       |       |     1 ||     1
Armor: Troll leather arm |       |       |       |     2 ||     2
Dodge: Dodged            |     5 |       |     1 |    13 ||    19
